 Dungeon Crawl Stone Soup version 0.18-a0-1685-g4482fe3 (webtiles) character file.

10777 Murumi the Blocker (level 11, 0/89 HPs)
             Began as a Formicid Fighter on Apr 4, 2016.
             Was a Priest of Elyvilon.
             Killed from afar by a catoblepas (8 damage)
             ... with a blast of calcifying dust
             ... on level 2 of the Lair of Beasts.
             The game lasted 01:39:08 (11341 turns).

Murumi the Blocker (Formicid Fighter)              Turns: 11341, Time: 01:39:08

Health: 0/89       AC: 18    Str: 29    XL:     11   Next: 99%
Magic:  18/18      EV: 16    Int:  8    God:    Elyvilon [***...]
Gold:   455        SH: 20    Dex: 15    Spells: 0 memorised, 10 levels left

rFire  . . .     SeeInvis +     y - +0 great sword (slice)
rCold  . . .     Gourm    .     v - +0 plate armour
rNeg   . . .     Faith    .     r - +1 large shield
rPois  .         Spirit   .     (helmet unavailable)
rElec  .         Dismiss  .     t - +0 cloak
rCorr  .         Reflect  .     (no gloves)
SustAt .         Harm     .     p - +2 pair of boots
MR     ++...                    (no amulet)
Stlth  ..........               s - ring of protection from magic
                                k - +2 ring of evasion

@: mighty, agile, very resistant to hostile enchantments, extremely unstealthy
A: permanent stasis, dig shafts and tunnels, four strong arms, antennae 3
a: Dig, Shaft Self, Lesser Healing, Heal Other, Purification, Divine Protection,
Renounce Religion


You were on level 2 of the Lair of Beasts.
You worshipped Elyvilon.
Elyvilon was most pleased with you.
You were hungry.

You visited 3 branches of the dungeon, and saw 13 of its levels.

You collected 499 gold pieces.
You spent 44 gold pieces at shops.

Inventory:

Hand Weapons
 y - a +0 great sword of slicing (weapon)
 B - a +0 scimitar of flaming
Missiles
 q - 41 bolts
Armour
 p - a +2 pair of boots (worn)
 r - a +1 large shield (worn)
 t - a +0 cloak (worn)
 v - a +0 plate armour (worn)
Jewellery
 k - a +2 ring of evasion (left hand)
 m - an uncursed ring of protection from cold
 s - a ring of protection from magic (right hand)
Wands
 h - a wand of flame (18/48)
 i - a wand of flame (26/48)
 u - a wand of acid (3/15)
 A - a wand of acid (5/15)
Scrolls
 n - 4 scrolls of fog
 o - 9 scrolls of remove curse
 w - 3 scrolls of identify
 x - 4 scrolls of amnesia
 D - a scroll of enchant armour
Potions
 c - 2 potions of agility
 d - 5 potions of flight
 e - a potion of lignification
 l - a potion of cure mutation
 z - 2 potions of ambrosia
 F - a potion of invisibility
Comestibles
 b - 27 fruits
 f - 6 bread rations
 g - 4 meat rations
 j - 2 beef jerkies


   Skills:
 - Level 9.0 Fighting
 - Level 7.0 Long Blades
 - Level 9.0 Armour
 - Level 6.0 Dodging
 - Level 10.0 Shields
 + Level 9.6 Invocations


You had 10 spell levels left.
You didn't know any spells.

Dungeon Overview and Level Annotations

Branches:
Dungeon (9/15)             Temple (1/1) D:5            Lair (3/8) D:8
  Swamp (0/4) Lair:3
  Snake: Lair:3-6    Spider: Lair:3-6       Orc: D:9-12

Altars:
Ashenzari
Cheibriados
Dithmenos
Elyvilon
Fedhas
Kikubaaqudgha
Makhleb
Nemelex Xobeh
Okawaru
Pakellas
Qazlal
Ru
Sif Muna
Trog
Vehumet
Xom
Yredelemnul
Zin
The Shining One

Shops:
D:5 *   D:8 }   D:9 [

Annotations:
D:8 Psyche
Lair:3 exclusion: oklob plant


Innate Abilities, Weirdness & Mutations

You are under a permanent stasis effect.
You can dig through walls and to a lower floor.
Your four strong arms can wield two-handed weapons with a shield.
You have a pair of large antennae on your head (SInv).


Message History

Drink which item? (? for menu, Esc to quit)
You feel agile all of a sudden. You block the catoblepas's attack.
Your plate armour prevents you from hitting the catoblepas.
The catoblepas is lightly wounded.
The catoblepas breathes a plume of calcifying dust at you.
The blast of calcifying dust hits you!
The catoblepas breathes a plume of calcifying dust at you.
The blast of calcifying dust hits you!
* * * LOW HITPOINT WARNING * * *
You extend your mandibles.
You dig through the rock wall.
You dig through the rock wall.
You dig through the rock wall.
You retract your mandibles.
You slice the catoblepas!!
The catoblepas is moderately wounded.
You block the catoblepas's attack.
The catoblepas breathes a plume of calcifying dust at you.
The blast of calcifying dust hits you!
You die...

###### #####.#..# ### ........##
##.##### ##### #P..#...##
##.###..###.#.##
#######..########.†>...........#
.P# #..##...##..#§#####..#.#..#
..# ##............## ##.####.#
..## #...##...#.@##.# ### #.#
#..###..>##.#####Y.## #.#
.....†...#### #### ##.##
#.######.## #...# ...####...#
#..## ..##.###.P# ##..#
..........# #.#.
#.........###### #...
#..............# ###.


You could see a catoblepas.

Vanquished Creatures
  Erolcha (D:8)
  A hydra (Lair:1)
  Erica (D:9)
  A hill giant (D:8)
  Pikel (D:4)
  4 spiny frogs
  2 blink frogs (Lair:2)
  6 yaks (Lair:2)
  A basilisk (Lair:2)
  A hippogriff (D:8)
  4 water moccasins
  3 porcupines
  2 sky beasts
  3 orc warriors
  3 ice beasts
  A black bear (Lair:2)
  A phantom (D:4)
  2 ogres
  5 wolves (Lair:1)
  2 centaurs
  A necrophage (D:7)
  3 crocodiles
  A big kobold (D:8)
  7 giant frogs
  A scorpion (D:7)
  6 killer bees (D:7)
  A howler monkey (D:6)
  An electric eel (Lair:1)
  2 crimson imps
  3 hounds
  A giant frog zombie (D:7)
  9 orc wizards
  8 orc priests
  3 jellies
  A giant frog skeleton (D:8)
  5 iguanas
  5 worker ants
  7 sheep (Lair:2)
  4 hound zombies
  3 hound skeletons
  A worker ant zombie (D:3)
  A howler monkey skeleton (D:7)
  11 adders
  8 river rats (Lair:3)
  A shadow imp (D:6)
  An ooze (D:2)
  2 adder zombies
  3 adder skeletons
  5 worms
  6 giant geckos
  36 orcs
  8 giant cockroaches
  8 goblins
  6 hobgoblins
  15 jackals
  4 quokkas
  A ball python (D:6)
  9 bats
  2 giant cockroach zombies (D:3)
  A giant gecko skeleton (D:3)
  2 giant newts
  2 jackal skeletons (D:3)
  3 kobolds
  A quokka skeleton (D:6)
  4 rats
258 creatures vanquished.

Vanquished Creatures (others)
  An ogre (D:4)
  A jelly (D:4)
  2 fungi
4 creatures vanquished.

Grand Total: 262 creatures vanquished

Notes
Turn   | Place    | Note
--------------------------------------------------------------
     0 | D:1      | Murumi the Formicid Fighter began the quest for the Orb.
     0 | D:1      | Reached XP level 1. HP: 18/18 MP: 1/1
    83 | D:1      | Reached skill level 1 in Dodging
    89 | D:1      | Reached XP level 2. HP: 24/24 MP: 2/2
  1064 | D:2      | Reached XP level 3. HP: 25/29 MP: 3/3
  1094 | D:2      | Reached skill level 4 in Shields
  1179 | D:2      | Reached XP level 4. HP: 26/35 MP: 4/4
  1699 | D:3      | Reached XP level 5. HP: 35/42 MP: 5/5
  1907 | D:3      | Noticed an ice beast
  1937 | D:3      | Killed an ice beast
  1937 | D:3      | Reached skill level 5 in Shields
  1937 | D:3      | Reached XP level 6. HP: 43/48 MP: 6/6
  2688 | D:4      | Reached XP level 7. HP: 54/54 MP: 7/7
  2883 | D:4      | Noticed Pikel
  2919 | D:4      | Killed Pikel
  2919 | D:4      | Reached XP level 8. HP: 47/67 MP: 8/8
  2996 | D:4      | Reached skill level 5 in Armour
  3073 | D:4      | Reached skill level 6 in Shields
  3385 | D:5      | Entered Level 5 of the Dungeon
  3573 | D:5      | Found Ykathroq's General Store.
  3583 | D:5      | Bought a potion of agility for 44 gold pieces
  3642 | D:5      | Found a basalt altar of Yredelemnul.
  3922 | D:5      | Found a shattered altar of Ashenzari.
  3927 | D:5      | Saw a vision of the Swamp and the Snake Pit.
  3927 | D:5      | Noticed a black mamba
  3927 | D:5      | Noticed a naga mage
  3928 | D:5      | Noticed a mana viper
  3928 | D:5      | Noticed a black mamba
  4087 | D:5      | Reached XP level 9. HP: 70/72 MP: 9/9
  4096 | D:5      | Reached skill level 7 in Shields
  4236 | D:5      | Found a shimmering altar of Xom.
  4282 | D:5      | Found a staircase to the Ecumenical Temple.
  4398 | Temple   | Entered the Ecumenical Temple
  4530 | Temple   | Became a worshipper of Elyvilon the Healer
  4800 | D:6      | Reached skill level 5 in Long Blades
  5114 | D:6      | Reached skill level 1 in Invocations
  5583 | D:6      | Found a snail-covered altar of Cheibriados.
  5664 | D:6      | Found a glowing golden altar of the Shining One.
  6121 | D:7      | Reached skill level 5 in Invocations
  6564 | D:7      | Reached * piety under Elyvilon
  7015 | D:7      | Reached XP level 10. HP: 36/79 MP: 15/15
  7424 | D:7      | Found a shimmering altar of Xom.
  7632 | D:8      | Noticed Erolcha
  7632 | D:8      | Noticed Psyche
  7793 | D:8      | Noticed a hill giant
  7804 | D:8      | Killed a hill giant
  7804 | D:8      | Reached skill level 9 in Shields
  7813 | D:8      | Found Paphost's Gadget Boutique.
  7821 | D:8      | Killed Erolcha
  8256 | D:8      | Reached skill level 5 in Dodging
  8346 | D:8      | Found an iron altar of Okawaru.
  8517 | D:8      | Found a staircase to the Lair.
  8605 | D:9      | Noticed Erica
  8621 | D:9      | Killed Erica
  8621 | D:9      | Reached XP level 11. HP: 60/84 MP: 16/18
  8634 | D:9      | Found Zumm's Armour Emporium.
  8689 | Lair:1   | Entered Level 1 of the Lair of Beasts
  9033 | Lair:1   | HP: 4/86 [poisoned by a spiny frog]
  9039 | Lair:1   | HP: 3/86 [poisoned by a spiny frog]
  9045 | Lair:1   | HP: 2/86 [poisoned by a spiny frog]
  9053 | Lair:1   | HP: 2/86 [poisoned by a spiny frog]
  9430 | Lair:1   | HP: 1/86 [electric eel/bolt of electricity (15)]
  9433 | Lair:1   | Elyvilon protects you from harm!
  9898 | Lair:1   | Reached ** piety under Elyvilon
  9952 | Lair:1   | Noticed a four-headed hydra
  9963 | Lair:1   | Killed a one-headed hydra
 11107 | Lair:3   | Reached *** piety under Elyvilon
 11107 | Lair:3   | Noticed a catoblepas
 11107 | Lair:3   | Noticed an oklob plant
 11149 | Lair:3   | Found a staircase to the Swamp.
 11275 | Lair:3   | Reached skill level 10 in Shields
 11308 | Lair:3   | Noticed an elephant
 11310 | Lair:3   | Noticed an elephant
 11311 | Lair:3   | Noticed an elephant
 11312 | Lair:3   | Noticed an elephant
 11330 | Lair:2   | HP: 2/89 [catoblepas (22)]
 11341 | Lair:2   | Killed from afar by a catoblepas

Vault maps used:
D:1:      dpeg_arrival_solitude, serial_glass, glass_columns_b, glass_columns_b,
          st_stairs_14
D:2:      first_bread
D:3:      serial_undead, serial_undead_b, serial_undead_d, serial_undead_f,
          serial_undead_a, serial_undead_a, st_stairs_5
D:4:      uniq_pikel
D:5:      lemuel_coloured_pillars_altar, minmay_temple_entry_nine_rooms,
          basic_altar, serial_shops, shop, grunt_ashenzari_visionary
D:6:      nicolae_tso_carved_into_rock, kennysheep_mini_moat
D:7:      kennysheep_little_box
D:8:      nicolae_overflow_hidden_temple, lair_0_dummy, serial_shops, shop,
          blue_anna_alchemist, uniq_erolcha, uniq_psyche
D:9:      nicolae_gozag_seed_capital, serial_shops, nicolae_shop_behind_doors,
          uniq_gastronok, uniq_erica
Temple:   hc_temple_tempest_star
Lair:1:   nicolae_quartered_pool_medium, lemuel_fruit_fields
Lair:2:   serial_bayou_shore_b
Lair:3:   beast_lair_carwin_large_3, swamp_mist_pool, grunt_megastairs_2

Skill      XL: |  1  2  3  4  5  6  7  8  9 10 11 |
---------------+----------------------------------+-----
Dodging        | 1 2 3 4 5 6 |  6.0
Shields        | 4 5 6 7 9 10 | 10.0
Long Blades    | 3 4 5 6 7 |  7.0
Fighting       | 4 7 9 |  9.0
Armour         | 4 5 6 7 9 |  9.0
Invocations    | 7 9 |  9.6

Action                   |  1- 3 |  4- 6 |  7- 9 | 10-12 || total
-------------------------+-------+-------+-------+-------++-------
Melee: Long sword        |    90 |   261 |   495 |       ||   846
       Great sword       |       |       |    48 |   527 ||   575
       Scimitar          |       |       |       |     5 ||     5
Invok: Heal Other        |       |       |       |     1 ||     1
 Abil: Dig               |       |       |     5 |     6 ||    11
Evoke: Wand              |       |       |       |     2 ||     2
  Use: Scroll            |     4 |     3 |     7 |     6 ||    20
       Potion            |       |     1 |     1 |     8 ||    10
  Eat: Chunk             |     1 |     5 |    16 |    14 ||    36
       Beef jerky        |       |       |       |     1 ||     1
